 Dungeon Crawl Stone Soup version 0.17.0-27-g4a3f43e (webtiles) character file.

4653 schauveau the Protected (level 10, -6/64 HPs)
             Began as a Gargoyle Berserker on Nov 21, 2015.
             Was a High Priest of Trog.
             Mangled by Gastronok (20 damage)
             ... on level 9 of the Dungeon.
             The game lasted 00:20:55 (7203 turns).

schauveau the Protected (Gargoyle Berserker)        Turns: 7203, Time: 00:20:56

Health: -6/64      AC: 31    Str: 24    XL:     10   Next: 43%
Magic:  10/10      EV:  5    Int:  8    God:    Trog [*****.]
Gold:   525        SH:  0    Dex:  9    Spells: 0 memorised, 9 levels left

rFire  . . .     SeeInvis .     a - +3 battleaxe (flame)
rCold  . . .     Clarity  .     b - +1 crystal plate armour
rNeg   + . .     SustAt   .     (shield currently unavailable)
rPois  ∞         Gourm    .     x - +0 helmet
rElec  +         Spirit   .     d - +0 cloak
rCorr  .         Warding  .     (no gloves)
rMut   .         Stasis   .     (no boots)
MR     +....                    (no amulet)
Stlth  ..........               (no ring)
                                y - ring of protection from magic

@: somewhat resistant to hostile enchantments, extremely unstealthy
A: negative energy resistance 1, electricity resistance, unbreathing,
petrification resistance, rot immunity, AC +7
a: Berserk, Trog's Hand, Brothers in Arms, Burn Spellbooks, Renounce Religion


You were on level 9 of the Dungeon.
You worshipped Trog.
Trog was extremely pleased with you.
You were not hungry.

You visited 2 branches of the dungeon, and saw 11 of its levels.

You collected 525 gold pieces.

Inventory:

Hand Weapons
 a - a +3 battleaxe of flaming (weapon)
 i - a +0 blowgun
 u - a +0 war axe
 A - a +1 flail of holy wrath
 F - a +0 great mace of holy wrath
 I - a +1 hand axe
Missiles
 j - 18 poisoned needles
Armour
 b - a +1 crystal plate armour (worn)
 d - a +0 cloak (worn)
 m - a +0 helmet
 x - a +0 helmet (worn)
Jewellery
 y - a ring of protection from magic (left hand)
 D - a +5 ring of dexterity {unknown}
Wands
 B - a wand of lightning (3)
Scrolls
 k - 3 scrolls of identify
 p - 2 scrolls of fog
 z - 2 scrolls of remove curse
 E - a scroll of magic mapping
 G - a scroll of enchant armour
 H - a scroll of teleportation
Potions
 e - a potion of resistance {unknown}
 f - 3 potions of haste
 g - a potion of ambrosia
 l - 2 potions of mutation
 n - a potion of flight {unknown}
 o - 2 potions of heal wounds
 q - 2 potions of curing
 t - a potion of magic
 v - a potion of poison {unknown}
Comestibles
 c - 8 bread rations
 h - 6 fruits
 r - a royal jelly
 s - 3 slices of pizza
 w - 2 meat rations
 C - a beef jerky
 J - 3 chunks of flesh


   Skills:
 + Level 8.0 Fighting
 * Level 9.1 Axes
 * Level 10.4 Armour
 - Level 1.6 Dodging
   Level 1.6 Shields


You had 9 spell levels left.
You didn't know any spells.

Dungeon Overview and Level Annotations

Branches:
Dungeon (10/15)            Temple (1/1) D:7            Lair (0/8) D:9
    Orc: D:9-12

Altars:
Cheibriados
Dithmenos
Kikubaaqudgha
Makhleb
Nemelex Xobeh
Qazlal
Sif Muna
Vehumet
Yredelemnul

Shops:
D:5 *   D:6 (

Annotations:
D:2 Robin
D:9 Erica, Gastronok


Innate Abilities, Weirdness & Mutations

You are resistant to torment.
Your stone body is resilient (AC +7).
You are immune to poison.
You resist negative energy.
You are resistant to electric shocks.
You can survive without breathing.
You are immune to petrification.
You are immune to rotting.


Message History

You slice the river rat!! You burn the river rat.
You kill the river rat!
The river rat's corpse disappears in a puff of smoke!
The bat hits you but does no damage.
You hit Gastronok but do no damage. You hit Gastronok. You burn Gastronok.
Gastronok is lightly wounded.
Gastronok waves his eye-stalks in wide circles.
The air twists around and strikes you!
* * * LOW HITPOINT WARNING * * *
You slash Gastronok! You burn Gastronok.
Gastronok is lightly wounded.
You slash Gastronok! You burn Gastronok.
Gastronok is moderately wounded.
Gastronok bites you.
* * * LOW HITPOINT WARNING * * *
You hit Gastronok. You burn Gastronok.
Gastronok is moderately wounded.
Gastronok bites you!!
You die...

#......[).....#
...
###.......).....#
..
#.........).....#
.
..#....<........#
#.............#
######...#######
......#..# ####
#...#....# ....
#.% ##..@# ###.


PPPPP..#w# .P>PP..#b. .PPPP..#... #PPP##...... #..$ ........ ... .#.......
......^^^ You could see Gastronok and a bat.

Vanquished Creatures
  Pikel (D:7)
  The ghost of chonchonts the Carver, an amateur MiFi (D:4)
  A two-headed ogre (D:9)
  A hippogriff (D:7)
  A water moccasin (D:7)
  Duvessa (D:4)
  A black bear (D:5)
  An eye of draining (D:9)
  3 ice beasts
  A wasp (D:8)
  4 necrophages
  3 orc warriors
  A sky beast (D:8)
  4 ogres
  2 giant frogs
  A big kobold (D:6)
  Dowan (D:4)
  A gnoll sergeant (D:3)
  2 scorpions
  3 wights (D:6)
  3 crimson imps
  Crazy Yiuf (D:4)
  5 hounds
  10 orc wizards
  A centaur skeleton (D:4)
  4 worker ants
  6 orc priests
  3 iguanas
  2 hound skeletons
  5 gnolls (D:4)
  5 adders
  4 shadow imps
  An ooze (D:1)
  2 worms
  4 giant geckos
  28 orcs
  8 bats
  7 giant cockroaches
  10 hobgoblins
  4 quokkas
  2 giant newts (D:2)
  14 goblins
  A jackal skeleton (D:6)
  15 kobolds
  2 quokka skeletons
  A quokka zombie (D:6)
  5 rats
187 creatures vanquished.

Vanquished Creatures (others)
  2 slaves (D:7)
  A scorpion (D:7)
  2 orcs (D:7)
  4 jackals (D:7)
9 creatures vanquished.

Grand Total: 196 creatures vanquished

Notes
Turn   | Place    | Note
--------------------------------------------------------------
     0 | D:1      | schauveau the Gargoyle Berserker began the quest for the Orb.
     0 | D:1      | Reached XP level 1. HP: 14/14 MP: 1/1
   220 | D:1      | Reached XP level 2. HP: 17/19 MP: 2/2
   777 | D:3      | Found a snail-covered altar of Cheibriados.
   852 | D:3      | Reached XP level 3. HP: 23/23 MP: 3/3
   854 | D:3      | Reached ** piety under Trog
  1203 | D:2      | Found a burning altar of Makhleb.
  1233 | D:2      | Reached XP level 4. HP: 19/29 MP: 4/4
  1317 | D:2      | Noticed Robin
  1320 | D:2      | Reached skill level 4 in Fighting
  1552 | D:2      | Reached *** piety under Trog
  1690 | D:2      | Reached XP level 5. HP: 33/33 MP: 5/5
  1954 | D:2      | You fall through a shaft for 2 floors!
  2150 | D:3      | Found a burning altar of Makhleb.
  2382 | D:5      | Entered Level 5 of the Dungeon
  2395 | D:4      | Noticed Duvessa
  2397 | D:4      | Noticed Dowan
  2414 | D:4      | Killed Duvessa
  2414 | D:4      | Reached XP level 6. HP: 39/39 MP: 6/6
  2417 | D:4      | Killed Dowan
  2581 | D:4      | Noticed Crazy Yiuf
  2587 | D:4      | Paralysed by Crazy Yiuf for 7 turns
  2597 | D:4      | Killed Crazy Yiuf
  2663 | D:4      | Noticed chonchonts's ghost (amateur MiFi)
  2695 | D:4      | Killed chonchonts's ghost
  2695 | D:4      | Reached skill level 5 in Fighting
  2695 | D:4      | Reached skill level 5 in Axes
  2695 | D:4      | Reached skill level 5 in Armour
  2695 | D:4      | Reached XP level 7. HP: 44/44 MP: 7/7
  2710 | D:4      | Noticed a gnoll sergeant
  2746 | D:3      | Killed a gnoll sergeant
  3619 | D:4      | Reached **** piety under Trog
  3701 | D:5      | Reached skill level 6 in Armour
  3701 | D:5      | Reached skill level 1 in Shields
  3701 | D:5      | Reached XP level 8. HP: 44/49 MP: 8/8
  3785 | D:5      | Found Kutsadeywe's Elemental Accessories.
  4282 | D:6      | Reached skill level 7 in Armour
  4605 | D:6      | Reached XP level 9. HP: 49/55 MP: 9/9
  4611 | D:6      | Found Roorhem's Weapon Boutique.
  4784 | D:6      | Reached skill level 8 in Armour
  4993 | D:7      | Noticed Pikel
  5069 | D:7      | Killed Pikel
  5267 | D:7      | Reached skill level 9 in Armour
  5320 | D:7      | Found a staircase to the Ecumenical Temple.
  5327 | Temple   | Entered the Ecumenical Temple
  5368 | D:7      | Reached ***** piety under Trog
  5895 | D:7      | Reached XP level 10. HP: 63/63 MP: 10/10
  6380 | D:9      | Noticed Erica
  6429 | D:8      | Reached skill level 10 in Armour
  6536 | D:8      | Found a basalt altar of Yredelemnul.
  6536 | D:8      | Found a radiant altar of Vehumet.
  6536 | D:8      | Found a stormy altar of Qazlal.
  6536 | D:8      | Found an ancient bone altar of Kikubaaqudgha.
  6564 | D:8      | Found a shadowy altar of Dithmenos.
  6564 | D:8      | Found a deep blue altar of Sif Muna.
  6967 | D:8      | Found a sparkling altar of Nemelex Xobeh.
  7131 | D:10     | Entered Level 10 of the Dungeon
  7146 | D:9      | Received a gift from Trog
  7184 | D:9      | Noticed Gastronok
  7188 | D:9      | Found a staircase to the Lair.
  7203 | D:9      | Mangled by Gastronok

Action                   |  1- 3 |  4- 6 |  7- 9 | 10-12 || total
-------------------------+-------+-------+-------+-------++-------
Melee: Hand axe          |   138 |   177 |   532 |   213 ||  1060
       Battleaxe         |       |       |       |    13 ||    13
Invok: Burn Spellbooks   |     1 |       |     1 |     1 ||     3
       Berserk           |       |     3 |     4 |       ||     7
  Use: Scroll            |     5 |     7 |     5 |     1 ||    18
  Eat: Chunk             |     1 |     7 |    14 |     5 ||    27
       Fruit             |       |       |     1 |       ||     1
       Beef jerky        |       |       |     1 |       ||     1
